Map: Ever Dream LE

Players

Asuna

  • Race: Protoss Protoss
  • Spawn Location: 7:00

LiquidTLO (TLO) - Winner!

  • Race: Zerg Zerg
  • League: Master
  • Spawn Location: 1:00

Event: DreamHack SC2 Masters 2020 Fall

VOD

Have the link to the VOD?

Description

Time

  • Played on: Sept. 5, 2020, 5:34 p.m.
  • Length: 12:09

All games in this series

Show
View Real Time Build Order
Export as new Build Order

Asuna Protoss 

Build Orders:  

Get SALT Encoding   

  12  0:00  Probe  
  13  0:12  Probe  
  14  0:18  Pylon  
  14  0:24  Probe  
  15  0:36  Probe (Chrono Boost)  
  15  0:37  Gateway  
  16  0:47  Assimilator, Probe (Chrono Boost)  
  17  0:52  Probe (Chrono Boost)  
  18  1:03  Probe  
  19  1:10  Forge  
  19  1:25  Cybernetics Core  
  19  1:32  Pylon  
  19  1:33  Pylon  
  19  1:34  Pylon  
  19  1:40  Pylon  
  19  1:50  Photon Cannon  
  19  1:53  Cybernetics Core  
  19  1:57  Pylon  
  19  2:02  Pylon  
  19  2:12  Photon Cannon  
  19  2:17  Photon Cannon  
  19  2:28  Photon Cannon  
  18  2:39  Probe  
  19  2:50  Cybernetics Core  
  19  2:56  Zealot (Chrono Boost)  
  21  2:59  Probe  
  22  3:11  Probe  
  23  3:23  Nexus  
  23  3:27  Adept (Chrono Boost)  
  23  3:33  Warp Gate  
  25  3:37  Probe  
  26  3:42  Pylon  
  26  3:49  Stalker  
  26  3:53  Probe  
  29  4:06  Probe  
  30  4:10  Twilight Council  
  30  4:13  Protoss Ground Weapons Level 1  
  30  4:18  Probe  
  31  4:30  Probe  
  30  4:35  Robotics Facility  
  30  4:38  Probe (Chrono Boost)  
  31  4:40  Adept  
  31  4:42  Probe (Chrono Boost)  
  34  4:50  Pylon  
  34  4:52  Probe (Chrono Boost)  
  36  4:54  Probe (Chrono Boost)  
  37  5:03  Probe (Chrono Boost)  
  37  5:06  Charge (Chrono Boost)  
  37  5:12  Gateway  
  37  5:14  Gateway  
  37  5:22  Gateway  
  37  5:23  Gateway  
  37  5:28  Warp Prism (Chrono Boost)  
  39  5:44  Gateway  
  39  5:49  Gateway  
  39  5:50  Gateway  
  39  5:54  Zealot  
  41  6:05  Pylon  
  41  6:09  Zealot  
  41  6:10  Zealot  
  45  6:16  Zealot  
  45  6:17  Pylon  
  47  6:21  Pylon  
  47  6:26  Zealot x2  
  47  6:30  Zealot x2  
  55  6:32  Pylon  
  55  6:44  Zealot  
  55  6:45  Stalker  
  55  6:46  Zealot x2  
  61  6:48  Zealot  
  55  6:56  Zealot  
  55  6:57  Zealot x2  
  53  7:06  Zealot x3  
  51  7:10  Zealot  
  51  7:14  Zealot  
  45  7:19  Zealot  
  39  7:25  Probe x2 (Chrono Boost)  
  37  7:35  Zealot x3, Probe x2 (Chrono Boost)  
  45  7:39  Probe (Chrono Boost)  
  45  7:40  Probe (Chrono Boost)  
  45  7:44  Assimilator  
  47  7:49  Immortal (Chrono Boost)  
  47  7:51  Probe x2  
  53  7:59  Assimilator  
  53  8:03  Probe x2  
  55  8:11  Assimilator  
  55  8:15  Probe x2  
  57  8:23  Stalker  
  59  8:27  Probe  
  59  8:28  Probe  
  59  8:32  Zealot x5, Sentry  
  73  8:38  Immortal (Chrono Boost)  
  77  8:45  Pylon  
  77  8:49  Pylon  
  77  8:50  Sentry  
  79  9:07  Immortal (Chrono Boost), Stalker  
  85  9:15  Pylon  
  85  9:21  Nexus  
  85  9:35  Probe x2  
  85  9:37  Templar Archives  
  87  9:39  Observer (Chrono Boost)  
  87  9:41  Shield Battery  
  87  9:44  Pylon  
  88  9:47  Pylon  
  88  9:58  Probe x2  
  94  10:10  Probe  
  94  10:13  Probe  
  96  10:15  Pylon  
  96  10:16  Psionic Storm  
  96  10:22  Probe  
  96  10:25  Probe  
  98  10:34  Probe, Pylon  
  99  10:36  Gateway  
  99  10:39  Stalker  
  99  10:42  Zealot  
  103  10:44  Immortal (Chrono Boost)  
  103  10:49  Zealot x2  
  107  10:56  Zealot x2  
  109  10:59  Zealot x2  
  109  11:03  Zealot  
  91  11:15  Zealot  
  91  11:16  Zealot  
  72  11:20  Immortal (Chrono Boost)  
Show
View Real Time Build Order
Export as new Build Order

LiquidTLO Zerg - Winner!

Build Orders: Hatch First 

Get SALT Encoding   

  12  0:00  Drone  
  13  0:12  Overlord  
  13  0:16  Drone  
  14  0:31  Drone x2  
  16  0:47  Hatchery  
  15  0:51  Drone  
  15  0:55  Drone  
  17  0:58  Drone  
  17  1:04  Extractor  
  17  1:14  Spawning Pool  
  17  1:16  Drone  
  17  1:20  Drone  
  18  1:28  Drone  
  19  2:01  Zergling x4  
  20  2:05  Queen, Zergling x4  
  25  2:12  Zergling x2  
  25  2:25  Zergling x2  
  22  2:39  Zergling x2  
  20  2:50  Drone  
  16  3:02  Drone  
  15  3:06  Drone  
  15  3:12  Drone  
  16  3:15  Drone  
  17  3:21  Drone  
  17  3:25  Drone  
  19  3:30  Drone  
  19  3:32  Drone  
  21  3:39  Metabolic Boost  
  21  3:43  Drone  
  21  3:45  Drone  
  23  3:50  Overlord  
  23  3:53  Zergling x2  
  25  3:55  Drone  
  25  3:59  Zergling x2  
  26  4:03  Overlord  
  26  4:06  Drone  
  27  4:10  Drone  
  27  4:11  Zergling x2  
  29  4:20  Overlord  
  29  4:21  Drone, Extractor  
  29  4:22  Drone  
  30  4:25  Spore Crawler  
  30  4:31  Drone  
  32  4:32  Overlord  
  32  4:38  Drone  
  33  4:39  Queen  
  33  4:42  Drone  
  36  4:46  Queen  
  36  4:50  Drone  
  39  4:53  Drone  
  39  4:58  Drone  
  41  5:00  Drone  
  41  5:05  Drone  
  43  5:07  Drone  
  43  5:13  Hatchery  
  43  5:15  Extractor  
  43  5:18  Queen  
  43  5:20  Drone  
  45  5:26  Roach Warren  
  45  5:27  Drone  
  45  5:30  Drone  
  45  5:31  Drone  
  47  5:36  Lair  
  47  5:39  Drone  
  47  5:40  Drone  
  47  5:42  Drone  
  50  5:44  Drone  
  50  5:46  Drone  
  50  5:48  Extractor  
  50  5:49  Drone  
  52  5:50  Drone  
  53  5:57  Overlord  
  53  5:58  Drone x2  
  53  6:02  Overlord  
  53  6:03  Zergling x2  
  56  6:06  Overlord  
  56  6:10  Roach  
  58  6:12  Roach  
  58  6:15  Roach  
  58  6:16  Roach x2, Zergling x2  
  63  6:19  Roach  
  63  6:23  Zergling x2  
  66  6:27  Roach x2  
  66  6:30  Roach x2  
  74  6:32  Ravager  
  74  6:33  Ravager  
  74  6:34  Roach  
  74  6:36  Roach  
  74  6:37  Roach  
  74  6:39  Roach  
  81  6:42  Roach  
  81  6:45  Roach  
  81  6:46  Roach  
  84  6:52  Roach  
  80  6:55  Roach  
  80  6:58  Roach  
  80  6:59  Roach  
  80  7:00  Roach  
  78  7:01  Roach  
  78  7:05  Roach  
  74  7:10  Zergling x4  
  73  7:16  Roach  
  73  7:20  Drone x2  
  73  7:22  Drone  
  76  7:24  Drone x3  
  76  7:28  Drone  
  78  7:31  Drone  
  78  7:36  Glial Reconstitution  
  79  7:41  Overlord  
  79  7:42  Roach  
  79  7:43  Zergling x2  
  82  7:44  Zergling x2  
  82  7:47  Zergling x2  
  82  7:49  Overseer  
  84  7:53  Roach, Spore Crawler  
  84  7:56  Drone x2, Roach  
  84  7:57  Drone  
  90  8:02  Roach  
  90  8:05  Roach  
  94  8:07  Overseer  
  94  8:08  Drone x2  
  94  8:11  Queen  
  94  8:12  Extractor, Overlord  
  97  8:13  Drone  
  97  8:15  Overlord  
  97  8:16  Overlord  
  98  8:24  Overlord  
  98  8:27  Overlord  
  98  8:29  Drone, Evolution Chamber, Overlord  
  98  8:30  Drone  
  101  8:34  Roach, Hydralisk Den  
  101  8:36  Roach  
  101  8:38  Roach  
  101  8:40  Roach  
  106  8:42  Ravager  
  106  8:44  Drone x3  
  106  8:47  Drone  
  111  8:49  Drone, Extractor  
  111  8:53  Roach x2  
  111  8:54  Roach  
  117  8:56  Roach  
  117  8:57  Ravager  
  117  9:00  Roach x2  
  124  9:05  Zergling x6  
  124  9:06  Overlord  
  127  9:12  Roach  
  127  9:13  Overlord  
  128  9:17  Overlord  
  128  9:18  Grooved Spines  
  128  9:20  Drone, Zerg Missile Weapons Level 1  
  128  9:22  Drone  
  130  9:27  Pneumatized Carapace  
  130  9:31  Spore Crawler  
  130  9:32  Roach  
  130  9:33  Drone, Extractor  
  130  9:34  Drone, Roach  
  130  9:35  Drone  
  130  9:36  Drone  
  130  9:38  Hydralisk  
  136  9:40  Hydralisk  
  136  9:43  Roach  
  142  9:46  Roach  
  142  9:47  Roach  
  142  9:51  Hydralisk  
  148  9:54  Drone  
  148  9:57  Overlord  
  149  10:01  Roach  
  149  10:02  Overlord  
  149  10:03  Roach  
  149  10:04  Roach x2  
  149  10:05  Overlord  
  156  10:10  Overlord  
  156  10:11  Roach  
  158  10:24  Hydralisk x3  
  164  10:30  Muscular Augments  
  164  10:31  Hydralisk x3  
  164  10:33  Roach  
  172  10:37  Roach  
  174  10:43  Hatchery  
  174  10:45  Roach  
  174  10:47  Roach  
  177  10:51  Roach  
  177  10:52  Roach  
  177  10:53  Roach  
  177  10:55  Roach  
  182  10:59  Roach  
  182  11:01  Roach  
  182  11:02  Roach  
  182  11:03  Roach x2  
  178  11:08  Roach x2  
  178  11:10  Hydralisk  
  175  11:16  Roach  
  175  11:17  Roach  
  175  11:18  Roach x2  
  175  11:19  Roach  

Tags
 
Add a new tag
Caveats
  • Supply blocks, unpowered buildings, or Contaminate may cause inaccurate times.
  • Supply counts are checked every 10 seconds.